 Dungeon Crawl Stone Soup version 0.17-a0-186-g8d083fd (webtiles) character file.

349068 nono the Warrior (level 21, -6/194 HPs)
             Began as a Demonspawn Fighter on Mar 25, 2015.
             Was the Champion of Ashenzari.
             Killed by divine providence
             ... invoked by Khufu
              (14 damage)
             ... on level 2 of the Crypt on Mar 26, 2015.
             The game lasted 04:03:14 (56857 turns).

nono the Warrior (Demonspawn Fighter)              Turns: 56857, Time: 04:03:15

Health: -6/194     AC: 35    Str: 30    XL:     21   Next: 55%
Magic:  37/37      EV: 27    Int:  9    God:    Ashenzari [******]
Gold:   2123       SH: 26    Dex: 27    Spells: 0 memorised, 20 levels left

rFire  + . .     SeeInvis +     e - +6 eveningstar (freeze) (curse)
rCold  + . .     Clarity  +     Q - +6 chain mail "Schetrir" {rF+ rN+ MR- Str+4} (curse)
rNeg   + . .     SustAb   .     f - +2 large shield (curse)
rPois  +         Gourm    .     p - +2 hat (curse)
rElec  .         Spirit   .     y - +1 cloak {+Inv} (curse)
rCorr  .         Warding  .     V - +2 pair of gloves {Str+3} (curse)
rMut   .         Stasis   .     (boots unavailable)
MR     +....                    s - amulet of Vitality {Regen+ HP+15}
Stlth  +.........               T - ring of protection from magic (curse)
                                P - ring of protection from cold

@: mighty, agile, somewhat resistant to hostile enchantments, very unstealthy
A: antennae 1, hooves 3, slimy green scales 3, camouflage 1, blurry vision 1,
breathe flames 1, mutation resistance 1, powered by pain 2, shaggy fur 1, spiny
2, augmentation 2, placid magic 1
a: Scrying, Transfer Knowledge, Renounce Religion, Breathe Fire, Evoke
Invisibility
}: 1/15 runes: serpentine


You were on level 2 of the Crypt.
You worshipped Ashenzari.
Ashenzari was exalted by your worship.
You were very hungry.

You visited 8 branches of the dungeon, and saw 42 of its levels.
You visited the Abyss 2 times.
You also visited: Trove, Bailey and Ice Cave.

You collected 6161 gold pieces.
You spent 4038 gold pieces at shops.

Inventory:

Hand weapons
 e - a cursed +6 eveningstar of freezing (weapon)
Armour
 f - a cursed +2 large shield (worn)
 p - a cursed +2 hat (worn)
 y - a cursed +1 cloak of invisibility (worn)
 Q - the cursed +6 chain mail "Schetrir" (worn) {rF+ rN+ MR- Str+4}
   (You found it on level 7 of the Dungeon)

   It affects your strength (+4).
   It protects you from fire.
   It protects you from negative energy.
   It affects your resistance to hostile enchantments.
   It has a curse placed upon it.
 V - a cursed +2 pair of gloves of strength (worn)
Jewellery
 c - the amulet of the Thirteen Curses {rMut rC+ Int-2 Stlth+}
   (You bought it in a shop on level 2 of the Elven Halls)

   [amulet of resist mutation]

   It protects you from mutation.
   It affects your intelligence (-2).
   It protects you from cold.
   It makes you more stealthy.
 s - the amulet of Vitality (around neck) {Regen+ HP+15}
   (You took it off a deep elf conjurer on level 3 of the Elven Halls)

   [amulet of regeneration]

   It affects your health (+15).
   It increases your rate of regeneration.
 A - the cursed amulet "Olet" {rCorr Int+6 Dex-5}
   (You found it in a treasure trove)

   [amulet of resist corrosion]

   It protects you from acid and corrosion.
   It affects your intelligence (+6).
   It affects your dexterity (-5).
   It has a curse placed upon it.
 C - a cursed ring of fire
 F - an uncursed ring of sustain abilities
 J - an uncursed amulet of rage
 P - a ring of protection from cold (left hand)
 T - a cursed ring of protection from magic (right hand)
Magical devices
 L - a wand of fire (8)
 S - a wand of cold (6)
 U - a wand of disintegration (9)
 Y - a wand of teleportation (9)
Scrolls
 b - 6 scrolls of blinking
 g - 19 scrolls of identify
 h - 4 scrolls of enchant armour
 i - 9 scrolls of fog
 l - 4 scrolls of teleportation
 o - 3 scrolls of fear
 q - 10 scrolls of magic mapping
 x - 9 scrolls of remove curse
 B - 3 scrolls of silence
 E - a scroll of curse armour
 G - 3 scrolls of curse jewellery
 H - 5 scrolls of curse weapon
 M - a scroll of brand weapon
 N - 6 scrolls of recharging
Potions
 k - 10 potions of curing
 n - 5 potions of agility
 r - 3 potions of heal wounds
 u - a potion of resistance
 v - 12 potions of restore abilities
 z - 3 potions of invisibility
 K - 3 potions of haste
 O - 2 potions of berserk rage
 W - 2 potions of cancellation
 X - 3 potions of might
Miscellaneous
 a - a disc of storms
 j - a fan of gales
 t - a lamp of fire
 w - an ornate deck of changes {drawn: 5}
 D - a stone of tremors
 I - a phantom mirror
Comestibles
 d - 13 bread rations
 m - 22 meat rations
 R - a beef jerky
 Z - 3 fruits


   Skills:
 * Level 18.9 Fighting
 * Level 14.9(18.9) Maces & Flails
   Level 1.7 Polearms
 + Level 15.1(20.3) Armour
 + Level 13.7 Dodging
 + Level 15.0(17.5) Shields
 - Level 17.5 Evocations


You had 20 spell levels left.
You didn't know any spells.

Dungeon Overview and Level Annotations

Branches:
Dungeon (15/15)            Temple (0/1) D:6            Lair (8/8) D:8
  Swamp (0/5) Lair:6        Snake (5/5) Lair:6        Slime (0/6) Lair:6
    Orc (4/4) D:12            Elf (3/3) Orc:4        Vaults (4/5) D:13
  Crypt (2/3) Vaults:2     Depths (1/5) D:15

Altars:
Ashenzari
Cheibriados
Dithmenos
Elyvilon
Fedhas
Kikubaaqudgha
Makhleb
Okawaru
Sif Muna
Trog
Xom
Yredelemnul
Zin
The Shining One
Beogh
Jiyva

Shops:
D:5 *   D:6 (   D:9 }   D:11 ?:[*   Orc:3 *   Orc:4 :*!:   Elf:2 =   Elf:3 !
Vaults:2 %

Annotations:
Crypt:2 Khufu


Innate Abilities, Weirdness & Mutations

You have hooves in place of feet.
You are completely covered in slimy green scales (AC +4, rPois).
You sometimes gain power by taking damage.
You are mostly covered in sharp spines.
Your magical and physical power is enhanced at high health.
You have a pair of small antennae on your head.
Your skin changes colour to match your surroundings (Stealth).
Scrolls take you a little longer to read.
You can breathe flames.
You are somewhat resistant to further mutation.
You are covered in fur (AC +1).
Your spells are a little easier to cast, but a little less powerful.


Message History

Khufu is heavily damaged.
Khufu closely misses you.
You hit Khufu!! You freeze Khufu. You kick Khufu.
Khufu is heavily damaged.
You block the frost giant simulacrum's attack.
The vampire gestures wildly while chanting.
The vampire flickers and vanishes for a moment.
Khufu calls on the powers of darkness!
Your body is wracked with pain!
* * * LOW HITPOINT WARNING * * *
You block the stone giant zombie's attack.
Read which item? (? for menu, Esc to quit)
The frost giant simulacrum hits you.
* * * LOW HITPOINT WARNING * * *
The frost giant simulacrum freezes you! You resist.
* * * LOW HITPOINT WARNING * * *
You begin reading the scroll.
You continue reading the scroll.
Khufu points at you and mumbles some strange words.
Something smites you!
You die...

###........# *,**
,,, #...
...........#######
* ,,, * ####
...........!......,
,,,, * #..
............M.....
,, ** ##..
###.####.#.........
,, .... #(# .#.# *
** *,, , ...# #.#
*,#.####### * {,, ,
#.#< , #...VVMZ# **
*** ,,
#†############@# *
*,, ,,* #.........#
#Z#,* *, ,*
#########.# #.# ,,,
#.####.#,* ,
#......# * ** **
****** ########, ,
, ,, , ,, * ***** *
****


You could see Khufu, a jiangshi, a vampire (invisible), a frost giant simulacrum
and a stone giant zombie.

Vanquished Creatures
  Vashnia (Snake:2)
  3 liches
  Asterion (Snake:3)
  An Executioner (Abyss:1)
  2 deep elf blademasters (Elf:3)
  4 deep elf master archers (Elf:3)
  3 tentacled starspawn (Abyss:1)
  A sphinx (Vaults:4)
  Rupert (Lair:5)
  3 ancient champions
  A spectral weapon (Snake:3)
  9 greater nagas
  2 tengu reavers
  2 revenants
  3 frost giants
  The ghost of HAL9000 the Peltast, a powerful MiFi of Okawaru (Snake:1)
  9 deep elf sorcerers
  9 vault wardens
  2 curse skulls
  Gastronok (Lair:1)
  2 orc warlords (Orc:4)
  2 fire giants
  6 ghouls (Crypt:2)
  10 ironheart preservers
  A reaper (Crypt:2)
  3 very ugly things (Vaults:3)
  2 rakshasas (Vaults:2)
  5 stone giants
  5 deep elf demonologists (Elf:3)
  2 vampire knights (Crypt:2)
  10 deep elf annihilators
  4 ettins
  13 jiangshi (Crypt:2)
  A fire dragon (Vaults:3)
  11 deep elf death magi
  5 deep elf high priests (Elf:3)
  6 eidola
  5 vault guards
  4 yaktaur captains
  A great orb of eyes (Vaults:3)
  Fannar (Lair:8)
  Harold (Lair:8)
  An ice dragon (Vaults:1)
  9 hydras
  8 naga warriors
  Erica (Lair:8)
  6 anacondas
  8 centaur warriors
  A catoblepas (Lair:8)
  The ghost of karlm the Basher, a powerful GrFi of Okawaru (D:10)
  A death knight (Crypt:2)
  4 death yaks (Lair:5)
  11 ogre magi
  20 dancing weapons
  A tengu warrior (D:15)
  5 shock serpents
  A titan zombie (Abyss:1)
  5 vampire magi
  Urug (D:13)
  6 orc high priests (Orc:4)
  14 naga sharpshooters
  2 storm dragon zombies
  Nergalle (Lair:1)
  2 soul eaters (Crypt:2)
  2 wretched stars (Abyss:1)
  4 shadow wraiths
  A salamander mystic (Snake:5)
  20 skeletal warriors
  4 titan skeletons
  12 deep elf knights
  7 ironbrand convokers
  A giant orange brain (Vaults:4)
  8 deep elf summoners
  A fire crab (shapeshifter) (Vaults:2)
  2 unseen horrors
  3 flayed ghosts (Crypt:2)
  A storm dragon skeleton (Vaults:3)
  6 naga ritualists
  4 wizards
  6 deep trolls
  3 ice statues (IceCv)
  A shadow dragon zombie (Crypt:1)
  A torturous demonspawn (Abyss:1)
  Pikel (D:5)
  An anaconda skeleton (Crypt:2)
  6 mana vipers
  15 orc knights
  21 deep elf conjurers
  A hill giant (shapeshifter) (Vaults:3)
  3 griffons
  8 salamanders
  9 necromancers
  4 phantasmal warriors
  4 hornets
  7 orc sorcerers
  4 cyclopes
  11 harpies
  12 ugly things
  A shadow dragon skeleton (Crypt:2)
  7 hill giants
  3 wolf spiders
  A salamander (shapeshifter) (D:14)
  5 centaur zombies
  3 worldbinders (Abyss:1)
  An apocalypse crab (Abyss:1)
  A rust devil (Elf:2)
  A frost giant skeleton (Crypt:1)
  2 stone giant skeletons (Crypt:2)
  7 vault sentinels
  2 sixfirhies
  A manticore (D:15)
  Maurice (Orc:1)
  12 naga magi
  28 black mambas
  A fire giant skeleton (Vaults:4)
  An eye of devastation (shapeshifter) (Abyss:1)
  A guardian serpent (Snake:2)
  3 centaur skeletons
  10 elephants
  An orange demon (Orc:4)
  A torpor snail (Lair:7)
  An orange crystal statue (Vaults:2)
  7 spiny frogs
  2 smoke demons
  30 yaktaurs
  9 komodo dragons
  An elf (shapeshifter) (Vaults:4)
  An efreet (D:14)
  2 fire drakes
  A spriggan druid (Lair:8)
  2 tengu conjurers (D:15)
  A komodo dragon (shapeshifter) (Vaults:2)
  A yaktaur skeleton (Vaults:3)
  A queen bee (shapeshifter) (Elf:3)
  7 deep elf priests
  A human skeleton (Vaults:3)
  A hydra zombie (Crypt:2)
  11 freezing wraiths
  9 polar bears
  9 trolls
  The ghost of Tabbe the Covert, an experienced SpAs of Dithmenos (D:5)
  A wind drake (shapeshifter) (Vaults:1)
  An ancient zyme (Abyss:1)
  21 two-headed ogres
  A bog body (Crypt:2)
  A queen bee (Lair:8)
  3 ravens (D:15)
  A hydra skeleton (Crypt:2)
  A polar bear (shapeshifter) (D:15)
  A wolf spider simulacrum (Crypt:2)
  2 trapdoor spider zombies
  A harpy skeleton (D:13)
  15 blink frogs
  A minotaur skeleton (Crypt:2)
  4 boulder beetles
  16 slime creatures
  A trapdoor spider (shapeshifter) (Vaults:2)
  A raiju (Abyss:1)
  A fire dragon zombie (Crypt:2)
  2 ettin zombies
  2 frost giant simulacra
  A tengu simulacrum (Vaults:3)
  7 redbacks
  6 flying skulls (Crypt:2)
  4 basilisks
  A yak (shapeshifter) (D:14)
  A stone giant simulacrum (Vaults:4)
  4 shadows
  A tarantella (Elf:1)
  10 wraiths
  A vampire (Crypt:1)
  2 small abominations (Abyss:1)
  4 starcursed masses (Abyss:1)
  An ettin skeleton (Crypt:2)
  13 spriggans (Lair:8)
  16 humans (D:13)
  52 yaks
  Eustachio (D:6)
  2 neqoxecs (Abyss:1)
  2 ynoxinuls
  18 deep elf magi
  A human simulacrum (Vaults:4)
  20 deep elf fighters
  6 hippogriffs
  A fire elemental (Abyss:1)
  A redback simulacrum (Vaults:3)
  30 wolves
  2 hungry ghosts
  18 vampire mosquitoes
  2 chaos spawn
  4 wyverns
  6 wargs
  Edmund (D:4)
  Menkaure (D:6)
  A soldier ant (D:8)
  36 nagas
  A mottled dragon (Vaults:1)
  20 human zombies
  32 water moccasins
  9 black bears
  7 porcupines
  The ghost of karlm the Cudgeler, an average OgHu (D:3)
  15 ice beasts
  A sky beast (shapeshifter) (Vaults:1)
  3 phantoms
  A deep dwarf (shapeshifter) (Elf:2)
  A slave (D:5)
  6 necrophages
  71 orc warriors
  52 ogres
  A snapping turtle zombie (Crypt:2)
  19 crocodiles
  5 wasps
  4 boggarts (D:14)
  4 sky beasts
  16 centaurs
  3 large abominations (Abyss:1)
  A vampire mosquito zombie (D:13)
  An anubis guard skeleton (Crypt:1)
  A torpor snail zombie (Crypt:1)
  Sigmund (D:6)
  Duvessa (Orc:1)
  4 boring beetles
  25 giant frogs
  A hog skeleton (Crypt:2)
  A brain worm (Abyss:1)
  2 big kobolds
  A wyvern skeleton (D:7)
  A yak zombie (Crypt:2)
  5 scorpions
  A troll skeleton (D:14)
  A hippogriff zombie (Crypt:1)
  5 wights
  5 quasits
  44 killer bees
  7 electric eels
  A goliath beetle (D:8)
  Dowan (Orc:1)
  2 giant frog zombies
  12 hounds
  12 crimson imps
  A snapping turtle simulacrum (Crypt:2)
  2 wolf skeletons (Crypt:1)
  49 orc priests
  6 jellies
  4 giant frog skeletons
  A gnoll shaman (D:8)
  45 orc wizards
  11 worker ants
  16 iguanas
  3 hell rats
  2 ogre zombies
  24 sheep
  A killer bee zombie (D:10)
  A mottled dragon skeleton (Crypt:1)
  An ogre skeleton (Crypt:1)
  5 mummies
  3 hound skeletons
  Robin (D:4)
  54 river rats
  16 gnolls
  5 shadow imps
  31 adders
  A swamp drake skeleton (Crypt:2)
  2 white imps (Abyss:1)
  A goliath beetle zombie (Crypt:2)
  4 ufetubi (Abyss:1)
  2 worms (D:3)
  3 adder zombies
  A lava snake skeleton (Crypt:2)
  9 giant geckos
  An ooze (D:2)
  389 orcs
  5 ball pythons
  22 bats
  A bat zombie (D:5)
  8 giant cockroaches
  32 goblins
  26 hobgoblins
  23 kobolds
  A giant gecko skeleton (D:7)
  A giant gecko zombie (Crypt:1)
  6 giant newts
  3 giant spores
  11 jackals
  2 jackal zombies
  A kobold zombie (D:9)
  4 orc zombies
  16 quokkas
  A quokka zombie (Crypt:2)
  12 rats
  12 ballistomycetes
  2 crawling corpses (Elf:3)
  2 fungi
  18 plants (D:12)
  A starspawn tentacle (Abyss:1)
2321 creatures vanquished.

Vanquished Creatures (collateral kills)
  A deep elf annihilator (Elf:3)
1 creature vanquished.

Vanquished Creatures (others)
  A deep elf high priest (Elf:3)
  A wizard (D:13)
  An air elemental (Elf:3)
  A necromancer (D:13)
  A fire elemental (Crypt:2)
  An earth elemental (Elf:3)
  An orc warrior (Bailey)
  9 lost souls
  3 centaurs (D:13)
  An adder (D:8)
  An adder skeleton (D:8)
  5 orcs
  2 giant spores
  8 fungi
  3 plants
  6 starspawn tentacles (Abyss:1)
  57 starspawn tentacle segments (Abyss:1)
102 creatures vanquished.

Grand Total: 2424 creatures vanquished

Notes
Turn   | Place    | Note
--------------------------------------------------------------
     0 | D:1      | nono, the Demonspawn Fighter, began the quest for the Orb.
     0 | D:1      | Reached XP level 1. HP: 18/18 MP: 1/1
   277 | D:1      | Gained mutation: You are partially covered in sharp spines. [demonic ancestry]
   277 | D:1      | Reached XP level 2. HP: 24/24 MP: 2/2
  1006 | D:2      | Reached skill level 4 in Fighting
  1036 | D:2      | Reached XP level 3. HP: 20/30 MP: 3/3
  1252 | D:2      | Found a bloodstained altar of Trog.
  1423 | D:3      | Reached XP level 4. HP: 28/38 MP: 4/4
  1462 | D:3      | Reached skill level 5 in Fighting
  1722 | D:3      | Noticed karlm's ghost (average OgHu)
  1748 | D:3      | Killed karlm's ghost
  1748 | D:3      | Reached skill level 6 in Fighting
  1748 | D:3      | Reached XP level 5. HP: 11/47 MP: 5/5
  2084 | D:3      | Found a glowing golden altar of the Shining One.
  2417 | D:4      | Gained mutation: You have large cloven feet. [demonic ancestry]
  2417 | D:4      | Reached XP level 6. HP: 41/53 MP: 6/6
  2449 | D:4      | Noticed Robin
  2485 | D:4      | Killed Robin
  2485 | D:4      | Reached skill level 7 in Fighting
  2852 | D:4      | Noticed Edmund
  3027 | D:4      | Killed Edmund
  3263 | D:4      | Reached skill level 8 in Fighting
  3269 | D:4      | Gained mutation: You are partially covered in slimy green scales (AC +2). [demonic ancestry]
  3269 | D:4      | Reached XP level 7. HP: 59/62 MP: 7/7
  3401 | D:4      | Found a basalt altar of Yredelemnul.
  3405 | D:4      | Found a shattered altar of Ashenzari.
  3409 | D:4      | Became a worshipper of Ashenzari the Shackled
  3416 | D:4      | Found a snail-covered altar of Cheibriados.
  3561 | D:5      | Entered Level 5 of the Dungeon
  3650 | D:5      | Noticed Tabbe's ghost (experienced SpAs)
  3706 | D:5      | Killed Tabbe's ghost
  3706 | D:5      | Reached skill level 9 in Fighting
  3986 | D:5      | Found Kamouf's Serpentskin Sales.
  4001 | D:5      | Bought an uncursed ring of poison resistance for 240 gold pieces
  4035 | D:5      | Gained mutation: You have hoof-like feet. [demonic ancestry]
  4035 | D:5      | Reached XP level 8. HP: 49/72 MP: 8/8
  4039 | D:5      | Reached skill level 10 in Fighting
  4421 | D:5      | Noticed Pikel
  4452 | D:5      | Killed Pikel
  4452 | D:5      | Reached skill level 11 in Fighting
  4838 | D:6      | Noticed Sigmund
  5080 | D:6      | Found a shadowy altar of Dithmenos.
  5096 | D:6      | Found a deep blue altar of Sif Muna.
  5258 | D:6      | Noticed Menkaure
  5506 | D:6      | Killed Menkaure
  5506 | D:6      | Gained mutation: You sometimes gain a little power by taking damage. [demonic ancestry]
  5506 | D:6      | Reached XP level 9. HP: 24/81 MP: 9/9
  5584 | D:6      | Killed Sigmund
  6097 | D:6      | Identified a -3 rod of the swarm (2/12) (You took it off an orc priest on level 6 of the Dungeon)
  6137 | D:6      | Noticed Eustachio
  6204 | D:6      | Gained mutation: Your mind is acute. (Int +2) [potion of mutation]
  6204 | D:6      | Gained mutation: You can spit poison. [potion of mutation]
  6204 | D:6      | Gained mutation: Scrolls take you a little longer to read. [potion of mutation]
  6207 | D:6      | Killed Eustachio
  6468 | D:6      | Found Xeelar's Weapon Shop.
  6575 | D:6      | Found a blossoming altar of Fedhas.
  6581 | D:6      | Found a staircase to the Ecumenical Temple.
  6655 | D:6      | Reached skill level 5 in Shields
  6928 | D:6      | Gained mutation: You have difficulty communicating with the divine. [potion of mutation]
  6928 | D:6      | Gained mutation: Scrolls take you longer to read. [potion of mutation]
  6928 | D:6      | Gained mutation: Your muscles are strong. (Str +2) [potion of mutation]
  6935 | D:6      | Reached skill level 5 in Armour
  7232 | D:7      | Identified the +9 whip of Reapportionment {drain, rPois rC+ Dex+2}
  7269 | D:7      | Identified the +6 chain mail "Schetrir" {rF+ rN+ MR- Str+4}
  8048 | D:8      | Gained mutation: You sometimes gain power by taking damage. [demonic ancestry]
  8048 | D:8      | Reached XP level 10. HP: 79/88 MP: 10/10
  8080 | D:8      | Found a flagged portal.
  8086 | D:8      | Found a white marble altar of Elyvilon.
  8111 | D:8      | Found an ancient bone altar of Kikubaaqudgha.
  8181 | Bailey   | Entered a bailey
  8181 | Bailey   | Noticed an orc knight
  8422 | Bailey   | Noticed an orc knight
  8668 | D:8      | Reached skill level 1 in Maces & Flails
  9208 | D:8      | Found a staircase to the Lair.
  9675 | D:8      | Reached skill level 5 in Maces & Flails
 10084 | D:9      | Found an iron altar of Okawaru.
 10187 | D:9      | Found a shimmering altar of Xom.
 10188 | D:9      | Found a burning altar of Makhleb.
 10274 | D:9      | Identified the +5 war axe of Makhleb's Regard {freeze, +Blink rPois}
 10422 | D:9      | Found Faoshis' Gadget Emporium.
 10720 | Lair:1   | Entered Level 1 of the Lair of Beasts
 10803 | Lair:2   | Gained mutation: You are mostly covered in slimy green scales (AC +3). [demonic ancestry]
 10803 | Lair:2   | Reached XP level 11. HP: 52/93 MP: 11/11
 11085 | Lair:1   | Noticed a seven-headed hydra
 11098 | Lair:1   | Killed a seven-headed hydra
 11142 | Lair:1   | Noticed Nergalle
 11489 | Lair:1   | Killed Nergalle
 11703 | Lair:1   | Acquired Ashenzari's first power
 12019 | Lair:1   | Noticed Gastronok
 12043 | Lair:1   | Killed Gastronok
 12563 | Lair:2   | Gained mutation: Your skin changes colour to match your surroundings (Stealth). [potion of beneficial mutation]
 12824 | Lair:2   | Noticed a black mamba
 12837 | Lair:2   | Killed a black mamba
 13584 | Lair:2   | Lost mutation: Your muscles are strong. (Str +2) [potion of mutation]
 13724 | Lair:3   | Gained mutation: You have hooves in place of feet. [demonic ancestry]
 13724 | Lair:3   | Reached XP level 12. HP: 69/100 MP: 12/12
 13848 | Lair:3   | Noticed an eight-headed hydra
 13856 | Lair:3   | Killed an eight-headed hydra
 13954 | Lair:3   | Found a frozen archway.
 13960 | IceCv    | Entered an ice cave
 14448 | IceCv    | Lost mutation: Your skin changes colour to match your surroundings (Stealth). [potion of mutation]
 14448 | IceCv    | Gained mutation: Your spells are a little easier to cast, but a little less powerful. [potion of mutation]
 14840 | Lair:3   | Reached skill level 10 in Armour
 15505 | Lair:4   | Acquired Ashenzari's second power
 15516 | Lair:4   | Reached skill level 10 in Shields
 15716 | Lair:4   | Identified a scroll of acquirement
 16092 | Lair:4   | Reached skill level 10 in Maces & Flails
 16335 | Lair:4   | Noticed a five-headed hydra
 16347 | Lair:4   | Killed a five-headed hydra
 16473 | Lair:5   | Found a staircase to the Snake Pit.
 16505 | Lair:5   | Noticed Rupert
 16509 | Lair:5   | Paralysed by Rupert for 7 turns
 16535 | Lair:5   | Killed Rupert
 16535 | Lair:5   | Reached XP level 13. HP: 57/106 MP: 13/13
 17481 | Lair:5   | Acquired Ashenzari's third power
 17701 | Lair:6   | Found a staircase to the Slime Pits.
 17702 | Lair:6   | Found a viscous altar of Jiyva.
 17747 | Lair:6   | Identified the +9 trident of Malaise {pain, MP+9}
 17774 | Lair:6   | Found a staircase to the Snake Pit.
 17782 | Lair:6   | Found a staircase to the Swamp.
 17905 | Lair:6   | Reached skill level 1 in Evocations
 17927 | Lair:6   | Reached skill level 1 in Dodging
 18905 | Lair:7   | Acquired Ashenzari's fourth power
 19667 | Lair:8   | Entered Level 8 of the Lair of Beasts
 19999 | Lair:8   | Noticed Harold
 20012 | Lair:8   | Reached XP level 14. HP: 100/114 MP: 20/20
 20070 | Lair:8   | Killed Harold
 20107 | Lair:8   | Reached skill level 5 in Dodging
 20779 | Lair:8   | Noticed Erica
 20805 | Lair:8   | Killed Erica
 21326 | Lair:8   | Noticed Fannar
 21391 | Lair:8   | Killed Fannar
 21624 | Lair:8   | Upgraded the game from 0.17-a0-155-g14e20c2 to 0.17-a0-186-g8d083fd
 21891 | D:10     | Entered Level 10 of the Dungeon
 21907 | D:10     | Identified the +5 long sword "Nomiacw" {freeze, +Blink rElec rN+}
 21979 | D:10     | Lost mutation: Your mind is acute. (Int +2) [helix card]
 22010 | D:10     | Noticed karlm's ghost (powerful GrFi)
 22036 | D:10     | Killed karlm's ghost
 22567 | D:10     | Identified the cursed +1 quarterstaff of Plunder {antimagic, MR+ Str+4}
 22851 | D:11     | Lost mutation: You can spit poison. [mutagenic meat]
 22852 | D:11     | Gained mutation: You are agile. (Dex +2) [mutagenic meat]
 22853 | D:11     | Gained mutation: You have a pair of small antennae on your head. [mutagenic meat]
 22854 | D:11     | Gained mutation: You can breathe flames. [mutagenic meat]
 22883 | D:11     | Found Oggaqid's General Store.
 23054 | D:11     | Found Ybry's Magic Scroll Emporium.
 23177 | D:11     | Found Ilaxkus' Book Boutique.
 23342 | D:11     | Found Burisokh's Antique Armour Shop.
 23950 | D:12     | Reached skill level 10 in Dodging
 24310 | D:12     | Reached skill level 12 in Fighting
 24643 | D:12     | Found a staircase to the Orcish Mines.
 25998 | D:13     | Noticed Urug
 26028 | D:13     | Killed Urug
 26172 | D:13     | Gained mutation: You are mostly covered in sharp spines. [demonic ancestry]
 26172 | D:13     | Reached XP level 15. HP: 120/120 MP: 23/23
 26184 | D:13     | Reached skill level 5 in Evocations
 26511 | D:13     | Found a gate to the Vaults.
 27364 | D:14     | Found a basalt altar of Yredelemnul.
 28288 | D:15     | Entered Level 15 of the Dungeon
 28739 | D:15     | Found a staircase to the Depths.
 28801 | D:15     | Reached skill level 13 in Fighting
 29119 | D:15     | Found an iron altar of Okawaru.
 29476 | Orc:1    | Entered Level 1 of the Orcish Mines
 29779 | Orc:1    | Noticed Duvessa
 29781 | Orc:1    | Noticed Dowan
 29786 | Orc:1    | Killed Duvessa
 29798 | Orc:1    | Killed Dowan
 30275 | Orc:1    | Noticed Maurice
 30292 | Orc:1    | Killed Maurice
 31157 | Orc:3    | Found Wuisuteh's General Store.
 31575 | Orc:3    | Found a roughly hewn altar of Beogh.
 31970 | Orc:4    | Entered Level 4 of the Orcish Mines
 32100 | Orc:4    | Found Anyriy's Distillery.
 32104 | Orc:4    | Bought a potion of mutation for 32 gold pieces
 32110 | Orc:4    | Lost mutation: You are agile. (Dex +2) [potion of mutation]
 32110 | Orc:4    | Lost mutation: Scrolls take you longer to read. [potion of mutation]
 32110 | Orc:4    | Gained mutation: You are somewhat resistant to further mutation. [potion of mutation]
 32120 | Orc:4    | Found Xigones' Book Shop.
 32169 | Orc:4    | Found a roughly hewn altar of Beogh.
 32406 | Orc:4    | Gained mutation: Your magical and physical power is slightly enhanced at high health. [demonic ancestry]
 32406 | Orc:4    | Reached XP level 16. HP: 131/131 MP: 27/27
 32631 | Orc:4    | Identified the +6 blowgun "Bebedghum" {speed, +Inv Str+2}
 32886 | Orc:4    | Identified the Disquisition on the Entourage
 32953 | Orc:4    | Found a staircase to the Elven Halls.
 33060 | Orc:4    | Found a roughly hewn altar of Beogh.
 33092 | Orc:4    | Found Laewues' General Store.
 33192 | Orc:4    | Bought a scroll of remove curse for 42 gold pieces
 33219 | Orc:4    | Found Qiodwomp's Book Shop.
 34758 | Snake:1  | Entered Level 1 of the Snake Pit
 34780 | Snake:1  | Noticed HAL9000's ghost (powerful MiFi)
 34820 | Snake:1  | Killed HAL9000's ghost
 35457 | Snake:1  | Reached skill level 14 in Fighting
 35635 | Snake:2  | Noticed Vashnia
 35676 | Snake:2  | Killed Vashnia
 36578 | Snake:2  | Found a glowing silver altar of Zin.
 37031 | Snake:3  | Identified the +5 shortbow "Mamesiloeh" {flame, Str+3 Dex-2}
 37373 | Snake:3  | Noticed Asterion
 37378 | Snake:3  | Noticed a spectral weapon
 37385 | Snake:3  | Killed a spectral weapon
 37390 | Snake:3  | Killed Asterion
 37762 | Snake:4  | Gained mutation: You are completely covered in slimy green scales (AC +4, rPois). [demonic ancestry]
 37762 | Snake:4  | Reached XP level 17. HP: 128/140 MP: 28/28
 37820 | Snake:4  | Identified the +4 scale mail of Apakamp {rF- Str+4 Dex+4}
 38396 | Snake:5  | Entered Level 5 of the Snake Pit
 38533 | Snake:5  | Identified the +1 robe of Vuros {rF+ Dex+5}
 39471 | Snake:5  | Reached skill level 15 in Fighting
 40058 | Snake:5  | Got a serpentine rune of Zot
 40992 | D:11     | Bought a blackened scale mail for 270 gold pieces
 40992 | D:11     | Identified the cursed +1 scale mail of Winter {MP+9} (You bought it in a shop on level 11 of the Dungeon)
 41171 | Vaults:1 | Entered Level 1 of the Vaults
 41273 | Vaults:1 | Found a portal to a secret trove of treasure.
 42705 | Vaults:1 | Gained mutation: Your magical and physical power is enhanced at high health. [demonic ancestry]
 42705 | Vaults:1 | Reached XP level 18. HP: 151/151 MP: 29/29
 42815 | Vaults:2 | Found Biostimiysch's Food Emporium.
 43027 | Vaults:2 | Reached skill level 16 in Fighting
 43029 | Vaults:2 | Found a staircase to the Crypt.
 43151 | Vaults:2 | Lost mutation: You have difficulty communicating with the divine. [mutagenic meat]
 43152 | Vaults:2 | Gained mutation: You are covered in fur (AC +1). [mutagenic meat]
 43155 | Vaults:2 | Gained mutation: Your spells are easier to cast, but less powerful. [mutagenic meat]
 44469 | Vaults:3 | Cast into the Abyss (a wizard)
 44809 | Abyss:1  | Identified a +2 rod of ignition (13/13)
 44953 | Vaults:3 | Escaped the Abyss
 45811 | Vaults:3 | Reached skill level 17 in Fighting
 46309 | Vaults:3 | Reached XP level 19. HP: 161/161 MP: 30/30
 46414 | Vaults:3 | Lost mutation: Your spells are easier to cast, but less powerful. [mutagenic meat]
 47450 | Vaults:4 | Identified the Tome of Conjuration and Venom (You found it on level 4 of the Vaults)
 47827 | Vaults:4 | Paralysed by a sphinx for 5 turns
 48499 | Orc:4    | Bought a manual of Evocations for 1545 gold pieces
 48611 | D:12     | Reached skill level 10 in Evocations
 48765 | D:9      | Bought a fan of gales for 560 gold pieces
 48765 | D:9      | Bought a lamp of fire for 560 gold pieces
 49043 | Elf:1    | Entered Level 1 of the Elven Halls
 49943 | Elf:2    | Found Furgh's Jewellery Shop.
 49955 | Elf:2    | Bought the amulet of the Thirteen Curses {rMut rC+ Int-2 Stlth+} for 789 gold pieces
 50148 | Elf:2    | Gained mutation: Your skin changes colour to match your surroundings (Stealth). [mutagenic meat]
 50188 | Elf:2    | Found a runed gate.
 50189 | Elf:2    | Found a runed gate.
 50211 | Elf:2    | Found a runed gate.
 50503 | Elf:2    | Reached XP level 20. HP: 170/170 MP: 34/34
 50654 | Elf:2    | Reached skill level 15 in Evocations
 50888 | Elf:3    | Entered Level 3 of the Elven Halls
 51562 | Elf:3    | Cast into the Abyss (a deep elf demonologist)
 51788 | Abyss:1  | Found a corrupted altar of Lugonu.
 51920 | Abyss:1  | Found a corrupted altar of Lugonu.
 51967 | Abyss:1  | Drew Focus: Dex increased to 21, Int decreased to 9
 52027 | Elf:3    | Escaped the Abyss
 52377 | Elf:3    | Identified the +4 hand axe of Xovoffu {freeze, rPois rF+ Int+2 Dex-5} (You took it off a deep elf conjurer on level 3 of the Elven Halls)
 52613 | Elf:3    | Identified the +6 broad axe "Usoh Ompu" {flame, MP+9} (You took it off a deep elf conjurer on level 3 of the Elven Halls)
 52637 | Elf:3    | Identified the +10 greatsling of Inquiry {speed, rF- rN++ Str+5} (You found it on level 3 of the Elven Halls)
 52962 | Elf:3    | Reached skill level 18 in Fighting
 52999 | Elf:3    | Identified the +2 ring mail "Vuuraal" {+Inv MR+}
 53129 | Elf:3    | Identified the Almanac of Curses (You found it on level 3 of the Elven Halls)
 53271 | Elf:3    | Identified the Handbook of Unholy Secrets (You found it on level 3 of the Elven Halls)
 53611 | Elf:3    | Found Ocaim's Distillery.
 54228 | Vaults:1 | You paid a toll of a wand of hasting (9) to enter a treasure trove
 54229 | Trove    | Entered a treasure trove
 54235 | Trove    | Identified the cursed amulet "Olet" {rCorr Int+6 Dex-5}
 54235 | Trove    | Identified the ring of Jealousy {Int+4 Stlth+}
 54596 | Depths:1 | Entered Level 1 of the Depths
 54906 | Crypt:1  | Entered Level 1 of the Crypt
 55738 | Crypt:2  | Reached XP level 21. HP: 178/178 MP: 37/37
 55768 | Crypt:2  | Identified the +1 pair of gloves of Lifelessness {+Blink}
 56035 | Crypt:2  | Reached skill level 15 in Armour
 56568 | Crypt:2  | Reached skill level 15 in Shields
 56606 | Crypt:2  | Found an ancient bone altar of Kikubaaqudgha.
 56830 | Crypt:2  | Noticed Khufu
 56856 | Crypt:2  | HP: 7/194 [frost giant simulacrum[Khufu] (12)]
 56857 | Crypt:2  | Killed from afar by Khufu

Action                   |  1- 3 |  4- 6 |  7- 9 | 10-12 | 13-15 | 16-18 | 19-21 || total
-------------------------+-------+-------+-------+-------+-------+-------+-------++-------
Melee: Trident           |   147 |   240 |       |       |       |       |       ||   387
       Short sword       |       |    10 |   632 |    66 |       |       |       ||   708
       Whip              |       |       |       |  1029 |  3320 |  2263 |  1153 ||  7765
       Eveningstar       |       |       |       |       |       |       |   512 ||   512
Invok: Scrying           |       |       |       |       |     1 |       |       ||     1
 Abil: Spit Poison       |       |       |       |       |     1 |       |       ||     1
       Evoke Invisibilit |       |       |       |       |       |     1 |       ||     1
Evoke: Wand              |       |       |     6 |    11 |     9 |     9 |     4 ||    39
       Deck              |       |       |       |       |    10 |     4 |     9 ||    23
       Stone of tremors  |       |       |       |       |       |       |     2 ||     2
       Fan of gales      |       |       |       |       |       |       |     1 ||     1
       Lamp of fire      |       |       |       |       |       |       |     1 ||     1
  Use: Potion            |       |     2 |     5 |    12 |     3 |     7 |     8 ||    37
       Scroll            |       |       |     8 |    21 |     7 |     6 |    25 ||    67
 Stab: Distracted        |       |       |       |     1 |     1 |       |       ||     2
       Petrified         |       |       |       |       |     1 |       |       ||     1
       Fleeing           |       |       |       |       |     1 |       |       ||     1
       Invisible         |       |       |       |       |       |     1 |       ||     1
       Paralysed         |       |       |       |       |       |       |     2 ||     2
  Eat: Chunk             |     2 |     6 |    12 |    26 |    58 |    48 |    28 ||   180
       Meat ration       |       |       |     1 |       |       |       |       ||     1
       Royal jelly       |       |       |       |     1 |       |       |       ||     1
       Fruit             |       |       |       |       |     1 |     1 |     4 ||     6
       Pizza             |       |       |       |       |       |     2 |     1 ||     3
       Bread ration      |       |       |       |       |       |     1 |     1 ||     2
       Beef jerky        |       |       |       |       |       |       |     6 ||     6
